 Dungeon Crawl Stone Soup version 0.29.0-7-g18a832c13a (webtiles) character file.

Game seed: 2137384844602162663

63 Locuples the Sneak (level 3, -1/27 HPs)
             Began as a Demonspawn Brigand on Aug 31, 2022.
             Slain by an orc
             ... wielding a +0 club
              (4 damage)
             ... on level 3 of the Dungeon.
             The game lasted 00:03:59 (2182 turns).

Locuples the Sneak (Demonspawn Brigand)             Turns: 2182, Time: 00:03:59

Health: -1/27      AC:  6    Str: 11    XL:     3   Next: 89%
Magic:  3/3        EV: 11    Int: 12    God:
Gold:   85         SH:  0    Dex: 16    Spells: 2/2 levels left

rFire   . . .      SeeInvis .   a - +2 dagger
rCold   . . .      Faith    .   (no shield)
rNeg    . . .      Spirit   .   j - +0 leather armour
rPois   .          Reflect  .   (no helmet)
rElec   .          Harm     .   c - +0 cloak
rCorr   .          Rampage  .   (no gloves)
Will    .....      Rage     3%  (no boots)
Stlth   +++.......              (no amulet)
HPRegen 0.09/turn               (no ring)
MPRegen 0.08/turn               (no ring)

@: attractive, flying, hasted, very quick
A: thin metallic scales 1, powered by pain 1, berserk 1, screaming 1
a: no special abilities


You were on level 3 of the Dungeon.
You visited 1 branch of the dungeon, and saw 3 of its levels.

You collected 85 gold pieces.

Inventory:

Hand Weapons
 a - a +2 dagger (weapon)
Missiles
 d - 12 poisoned darts (quivered)
 e - 3 curare-tipped darts
Armour
 b - a +0 robe
 c - a +0 cloak (worn)
 j - a +0 leather armour (worn)
Scrolls
 f - 4 scrolls of identify {unknown}
 h - 3 scrolls of vulnerability {unknown}
 i - 4 scrolls of teleportation {unknown}
 k - a scroll of summoning {unknown}
Potions
 n - a potion of haste


   Skills:
 + Level 2.3 Fighting
 + Level 2.3 Short Blades
 - Level 1.7 Throwing
 + Level 1.1 Dodging
 + Level 4.7 Stealth


You had 2 spell levels left.
You didn't know any spells.
Your spell library was empty.

Dungeon Overview and Level Annotations

Branches:
Dungeon (3/15)

Altars:
Dithmenos

Shops:
D:2 [   D:3 *


Innate Abilities, Weirdness & Mutations

You are partially covered in thin metallic scales. (AC +2)
You sometimes gain a little power by taking damage.
You sometimes lose your temper in combat.
You occasionally shout uncontrollably at your foes.


Message History

The orc barely misses you.
You hit the orc but do no damage.
The orc is severely wounded.
It was a potion of haste.
You feel yourself speed up. The orc misses you.
You hit the orc.
You kill the orc!
The orc priest miscasts a cantrip.
You barely miss the orc. The orc misses you.
The orc shouts!
You hit the orc. Your punch misses the orc.
The orc is moderately wounded.
You hit the orc.
The orc is severely wounded.
The orc hits you with a +0 whip.
You hit the orc but do no damage.
The orc is severely wounded.
You hit the orc.
You kill the orc!
The orc priest calls down the wrath of Beogh upon you.
Beogh smites you!
* * * LOW HITPOINT WARNING * * *
The orc barely misses you.
Items here: )) [ †.
It was a potion of attraction.
You feel attractive to monsters.
It was a potion of flight.
You feel very buoyant.
You fly up into the air.
The orc hits you but does no damage.
It was a potion of mutation.
You feel extremely strange.
You feel a little pissed off.
You feel the urge to shout. The orc hits you but does no damage.
You closely miss the orc. You hit the orc.
The orc is heavily wounded.
The orc priest calls upon Beogh to heal the orc.
The orc's wounds heal themselves!
The orc hits you but does no damage.
You hit the orc.
The orc is moderately wounded.
The orc hits you with a +0 club.
You die...

##?...... ##
#......# ..)
#......# #.# #####
#......# ... ##...##
#......#
#.##.....####r.....#
#.........##oo##.###
###.......##o## .#
#.......##@# .#
###.....###.# #.
#.......###.# .
####........#..#.#
#........>.....#.#
#.###.....∩......#
#.# ##.........###
###
###.####.........#
#..#
#...............>#
#..#


You could see an orc priest, 2 orcs and a quokka.

Vanquished Creatures
  2 adders
  A worm (D:2)
  A dart slug (D:1)
  2 orcs (D:3)
  6 bats
  2 endoplasms (D:2)
  2 giant cockroaches
  2 goblins
  2 hobgoblins
  4 quokkas
  A ball python (D:2)
  3 frilled lizards
  3 kobolds (D:1)
  5 rats
36 creatures vanquished.

Notes
Turn   | Place    | Note
-------+----------+-------------------------------------------
     0 | D:1      | Locuples the Demonspawn Brigand began the quest for the
                  | Orb.
     0 | D:1      | Reached XP level 1. HP: 16/16 MP: 1/1
   612 | D:1      | Reached skill level 4 in Stealth
   612 | D:1      | Gained mutation: You are partially covered in thin metallic
                  | scales. (AC +2) [demonic ancestry]
   612 | D:1      | Reached XP level 2. HP: 22/22 MP: 2/2
  1293 | D:2      | Noticed a great orb of eyes
  1295 | D:2      | Noticed a shining eye
  1297 | D:2      | Found a faded altar of an unknown god.
  1304 | D:2      | Noticed a golden eye
  1304 | D:2      | Noticed a golden eye
  1312 | D:2      | Gained mutation: You sometimes gain a little power by
                  | taking damage. [demonic ancestry]
  1312 | D:2      | Reached XP level 3. HP: 27/27 MP: 3/3
  1330 | D:2      | Reached skill level 1 in Dodging
  1480 | D:2      | Found a shadowy altar of Dithmenos.
  1811 | D:2      | Found Salied's Antique Armour Boutique.
  2073 | D:3      | Found Bibrisko's General Store.
  2179 | D:3      | Gained mutation: You sometimes lose your temper in combat.
                  | [potion of mutation]
  2179 | D:3      | Gained mutation: You occasionally shout uncontrollably at
                  | your foes. [potion of mutation]
  2182 | D:3      | Slain by an orc

Illustrated notes

Levels and vault maps discovered:
D:1:      dpeg_arrival_castle, layout_basic, minmay_pentomino_v2
D:2:      layout_loops_cross, basic_altar,
          hellmonk_ecumenical_altar_watching_god, serial_shops,
          nicolae_shop_temple_entry_statues_fountains
D:3:      layout_rooms, grunt_temple_overflow_open,
          gammafunk_temple_overflow_pools, serial_shops, shop,
          chequers_serial_rivers_small_b

Skill      XL: |  1  2  3 |
---------------+----------+-----
Stealth        | 4 |  4.7
Short Blades   | 2 |  2.3
Dodging        | 1 |  1.1
Fighting       | |  2.3
Throwing       | |  1.7

Action                   || total
-------------------------++-------
Melee: Dagger            ||   105
       Punch             ||     1
  Use: Potion            ||     4
 Stab: Sleeping          ||    16
Armor: Robe              ||    22
       Leather armour    ||    14
Dodge: Dodged            ||    39
